 Dungeon Crawl Stone Soup version 0.25-a0-667-gb977e01 (webtiles) character file.

Game seed: 4183109738844231313, levelgen mode: deterministic

201 robertstho the Covered (level 5, -1/33 HPs)
             Began as a Gargoyle Fighter on Mar 27, 2020.
             Slain by Grinder (4 damage)
             ... on level 3 of the Dungeon.
             The game lasted 00:03:33 (3060 turns).

robertstho the Covered (Gargoyle Fighter)           Turns: 3060, Time: 00:03:34

Health: -1/33      AC: 11    Str: 19    XL:     5   Next: 79%
Magic:  5/5        EV:  8    Int:  9    God:
Gold:   55         SH:  9    Dex: 10    Spells: 4/4 levels left

rFire    . . .     SeeInvis .   a - +0 flail
rCold    . . .     Gourm    .   c - +0 kite shield
rNeg     + . .     Faith    .   e - +1 ring mail {rPois}
rPois    ∞         Spirit   .   (no helmet)
rElec    +         Reflect  .   (no cloak)
rCorr    .         Harm     .   (no gloves)
MR       .....                  (no boots)
Stlth    +.........             (no amulet)
HPRegen  0.11/turn              (no ring)
MPRegen  0.09/turn              (no ring)

@: no status effects
A: negative energy resistance 1, electricity resistance, unbreathing,
petrification resistance, rot immunity, AC +4
a: no special abilities


You were on level 3 of the Dungeon.
You were not hungry.

You visited 1 branch of the dungeon, and saw 3 of its levels.

You collected 55 gold pieces.

Inventory:

Hand Weapons
 a - a +0 flail (weapon)
Armour
 b - a +0 scale mail
 c - a +0 kite shield (worn)
 e - a +1 ring mail of poison resistance (worn)
Jewellery
 g - a cursed -2 ring of dexterity {unknown}
Scrolls
 d - 3 scrolls of remove curse {unknown}
 h - a scroll of blinking {unknown}
 i - 3 scrolls of identify {unknown}
Potions
 j - 2 potions of cancellation {unknown}
 k - a potion of curing {unknown}
Comestibles
 f - 5 rations
 l - a chunk of flesh


   Skills:
 * Level 4.1 Fighting
 + Level 3.2 Maces & Flails
 * Level 4.6 Armour
 + Level 1.3 Dodging
 + Level 0.6 Stealth
 + Level 4.0 Shields


You had 4 spell levels left.
You didn't know any spells.
Your spell library was empty.

Dungeon Overview and Level Annotations

Branches:
Dungeon (3/15)

Altars:
Ashenzari

Annotations:
D:2 Natasha
D:3 Grinder


Innate Abilities, Weirdness & Mutations

You are resistant to torment.
Your stone body is resilient. (AC +4)
You are immune to poison.
You resist negative energy. (rN+)
You are resistant to electric shocks. (rElec)
You can survive without breathing.
You are immune to petrification.
You are immune to rotting.


Message History

Grinder gestures at you. Pain shoots through your body!
* * * LOW HITPOINT WARNING * * *
You can move again.
You barely miss Grinder.
Grinder is severely wounded.
You block Grinder's attack.
You barely miss Grinder.
Grinder is severely wounded.
Grinder hits you but does no damage.
You barely miss Grinder.
Grinder is severely wounded.
Grinder says, "I used to sell toenails on the black market."
Grinder hits you but does no damage. Grinder gestures at you.
You barely resist.
Your shield prevents you from hitting Grinder.
Grinder is severely wounded.
Grinder hits you.
You die...

.#.#.###.###.#..##
#......#
#........# .#+##
#..###.#
#........# ..
#......#
#.##.###.# #.
##.##### #. #.#
#.# ##.# #.# #.
#.. ... ##... #.#
#> ### #.#.#....
#.# ..#.##...##
#.#
#......5@#######.#
#.#####.........#
###########


You could see Grinder.

Vanquished Creatures
  Jessica (D:2)
  Natasha (D:2)
  7 adders
  An ooze (D:3)
  2 worms (D:2)
  2 dart slugs (D:2)
  7 leopard geckos
  3 orcs (D:3)
  3 ball pythons
  4 bats
  2 giant cockroaches
  8 hobgoblins
  5 kobolds
  A quokka (D:2)
  5 frilled lizards
  9 goblins
  5 rats
66 creatures vanquished.

Notes
Turn   | Place    | Note
-------+----------+-------------------------------------------
     0 | D:1      | robertstho the Gargoyle Fighter began the quest for the
                  | Orb.
     0 | D:1      | Reached XP level 1. HP: 14/14 MP: 1/1
   285 | D:1      | Reached XP level 2. HP: 19/19 MP: 2/2
  1043 | D:2      | Reached XP level 3. HP: 16/23 MP: 3/3
  1201 | D:2      | Reached skill level 1 in Dodging
  1384 | D:2      | Noticed Jessica
  1389 | D:2      | Killed Jessica
  1389 | D:2      | Reached XP level 4. HP: 29/29 MP: 4/4
  1672 | D:2      | Reached XP level 5. HP: 18/33 MP: 5/5
  1817 | D:2      | Noticed Natasha
  1841 | D:2      | HP: 1/33 [shadow imp/nerve-wracking pain[Natasha] (1)]
  1847 | D:2      | Killed Natasha
  2313 | D:2      | Noticed Natasha
  2975 | D:3      | Found a shattered altar of Ashenzari.
  3032 | D:3      | Noticed Grinder
  3050 | D:3      | Paralysed by Grinder for 7 turns
  3060 | D:3      | Slain by Grinder

Levels and vault maps discovered:
D:1:      co_arrival_random_square_maze, layout_basic, kennysheep_small_spiral
D:2:      minmay_diamond_boxcup, layout_basic, nicolae_overflow_hidden_temple,
          nrook_loot_triangle, uniq_jessica, uniq_natasha
D:3:      layout_loops_corners, lemuel_crystal_altar, uniq_grinder

Skill      XL: |  1  2  3  4  5 |
---------------+----------------+-----
Dodging        | 1 |  1.3
Armour         | 4 |  4.6
Fighting       | 4 |  4.1
Maces & Flails | 3 |  3.2
Shields        | 4 |  4.0
Stealth        | |  0.6

Action                   |  1- 3 |  4- 6 || total
-------------------------+-------+-------++-------
Melee: Flail             |   138 |   210 ||   348
  Use: Potion            |       |     2 ||     2
  Eat: Chunk             |     2 |     6 ||     8
Armor: Scale mail        |    25 |       ||    25
       Ring mail         |    61 |    91 ||   152
Dodge: Dodged            |    46 |    78 ||   124
Block: Kite shield       |    76 |   127 ||   203

Table legend:
 A = Non-vault XP
 B = Vault XP
 C = Vault XP percentage of total XP
 D = Non-vault monster count
 E = Vault monster count
 F = Vault count percentage of total count
                 A         B        C        D         E       F
            +---------+---------+-------+---------+---------+-------
      Total |     171 |     117 |  40.6 |      55 |      11 |  16.7
            +---------+---------+-------+---------+---------+-------
        D:1 |      31 |       0 |   0.0 |      18 |       0 |   0.0
        D:2 |      64 |     117 |  64.6 |      18 |      11 |  37.9
        D:3 |      76 |       0 |   0.0 |      19 |       0 |   0.0
            +---------+---------+-------+---------+---------+-------
